AoeStats
← Toker505

Arabian Desert

510820106Analyzed
1v1 RM · 12h ago on Oct 2, 2026· 41m 52s· 2 players
Game mode
Random Map
Map size
Tiny (2 player)
Population
200
Speed
Normal
Resources
Standard
Victory
Conquest
Starting age
Dark Age
Ending age
Imperial Age
RankedLock teamsTeams togetherTeam positionsShared explorationLock speedFull tech treeHidden civsTurbo modeCheats
Victory
Defeat
🇺🇸 Mapuche · United States
947
+16
🇨🇿 Mongols · Czechia
953
-16
Toker505
6:05 Loom
9:24 Feudal Age
10:13 Double-Bit Axe
15:19 Wheelbarrow
20:17 Castle Age
19:07 Scale Mail Armor
20:21 Forging
19:57 Horse Collar
20:09 Gold Mining
20:36 Stone Mining
20:38 Arson
22:22 Bow Saw
23:54 Chain Mail Armor
25:03 Elite Skirmisher
32:49 Town Watch
34:54 Iron Casting
37:37 Imperial Age
38:31 Ballistics
38:04 Fletching
38:15 Padded Archer Armor
38:30 Chain Mail Armor
39:20 Heavy Plow
42:27 Chemistry
Fanda
9:02 Feudal Age
7:20 Loom
16:41 Double-Bit Axe
21:06 Castle Age
19:25 Horse Collar
19:40 Gold Mining
20:23 Fletching
21:13 Wheelbarrow
21:58 Bodkin Arrow
22:05 Padded Archer Armor
24:01 Hand Cart
25:27 Leather Archer Armor
30:50 Gold Shaft Mining
40:22 Imperial Age
Connection lost

Rejoining the realm…

Still unreachable

The connection could not be restored.

Session expired

The server has moved on; the page needs a fresh start.